 Dungeon Crawl Stone Soup version 0.26-a0-964-g69f9a3b9e2 (webtiles) character file.

Game seed: 8491714320489992791

2573 stormannnn the Proselytiser (level 9, -1/86 HPs)
             Began as a Hill Orc Fighter on Dec 2, 2020.
             Was a Follower of Beogh.
             Succumbed to Harold's poison
             ... on level 7 of the Dungeon.
             The game lasted 00:12:46 (8641 turns).

stormannnn the Proselytiser (Hill Orc Fighter)      Turns: 8641, Time: 00:12:47

Health: -1/86      AC: 10    Str: 22    XL:     9   Next: 57%
Magic:  13/16      EV:  8    Int:  8    God:    Beogh [*.....]
Gold:   298        SH: 10    Dex: 12    Spells: 8/8 levels left

rFire    + + .     SeeInvis .   a - +0 war axe
rCold    + + .     Faith    .   c - +0 kite shield
rNeg     . . .     Spirit   .   b - +0 scale mail
rPois    +         Reflect  .   (no helmet)
rElec    +         Harm     .   (no cloak)
rCorr    +         Rampage  .   w - +0 pair of gloves
MR       .....                  j - +0 pair of boots
Stlth    ..........             (no amulet)
HPRegen  0.24/turn              l - ring of protection from cold
MPRegen  0.15/turn              v - ring of protection from fire

@: lethally poisoned (-1 -> -24), resistant, marked
A: hooves 1, agile 1, robust 1
a: Renounce Religion


You were on level 7 of the Dungeon.
You worshipped Beogh.
Beogh was aware of your devotion.
You visited 2 branches of the dungeon, and saw 8 of its levels.

You collected 298 gold pieces.

Inventory:

Hand Weapons
 a - a +0 war axe (weapon)
 x - the cursed +1 mace "Geum" {venom, *Slow rC+ Stlth+}
   (You found it on level 7 of the Dungeon)

   It poisons the flesh of those it strikes.
   It protects you from cold.
   It may slow you when you take damage.
   It makes you more stealthy.
   It has a curse placed upon it.
Armour
 b - a +0 scale mail (worn)
 c - a +0 kite shield (worn)
 j - a +0 pair of boots (worn)
 w - a +0 pair of gloves (worn)
Jewellery
 l - a ring of protection from cold (left hand)
 p - an uncursed ring of stealth
 v - a ring of protection from fire (right hand)
Scrolls
 h - a scroll of immolation
 i - 9 scrolls of identify
 k - a scroll of magic mapping
 m - a scroll of teleportation {unknown}
 o - a scroll of enchant armour {unknown}
 q - 4 scrolls of random uselessness {unknown}
 r - 2 scrolls of fog {unknown}
 s - a scroll of enchant weapon {unknown}
 u - a scroll of fear {unknown}
Potions
 d - a potion of magic
 f - 2 potions of flight


   Skills:
 + Level 7.0 Fighting
 + Level 7.4 Axes
 + Level 6.5 Armour
 + Level 6.5 Shields
 * Level 9.5 Invocations


You had 8 spell levels left.
You didn't know any spells.
Your spell library contained the following spells:

 Spells                   Type           Power        Failure   Level
 Corona                   Hex            #......      97%         1
 Ensorcelled Hibernation  Hex/Ice        #.....       99%         2
 Confusing Touch          Hex            #.......     100%        3
 Dazzling Flash           Conj/Hex       #.....       100%        3
 Tukima's Dance           Hex            #.......     100%        3


Dungeon Overview and Level Annotations

Branches:
Dungeon (7/15)             Temple (1/1) D:6

Altars:
Ashenzari
Dithmenos
Elyvilon
Fedhas
Gozag
Hepliaklqana
Kikubaaqudgha
Makhleb
Nemelex Xobeh
Okawaru
Qazlal
Ru
Sif Muna
Trog
Uskayaw
Vehumet
Wu Jian
Xom
Yredelemnul
Zin
The Shining One

Shops:
D:5 (

Annotations:
D:4 2 transporters, streetpizza's ghost, amateur OpTm


Innate Abilities, Weirdness & Mutations

You have large cloven feet.
You are agile. (Dex +2)
You are robust. (+10% HP)


Message History

* * * LOW HITPOINT WARNING * * *
You feel very sick. You block the kobold's attack.
As you read the scroll labelled VOTUIGONEPN, it crumbles to dust.
It is a scroll of identify.
x - the cursed +1 mace "Geum" {venom, *Slow rC+ Stlth+}
* * * LOW HITPOINT WARNING * * *
You feel very sick. You block the kobold's attack.
As you read the scroll labelled EDOYTEHOORR, it crumbles to dust.
You feel aware of your surroundings.
You sensed 1 altar.
It was a scroll of magic mapping.
* * * LOW HITPOINT WARNING * * *
You feel sick. The kobold barely misses you.
Okay, then.
Press: ? - help, v - describe, . - travel, g - get item
Items here: ! $ ) [ †.
The floor, spattered with blood.
There is a lethal amount of poison in your body!
You die...

,,,**#...#.,*##........,*,,,**
,****......,*#...#......,,,,,*
,*,,,......###...#.....#*,,,,***
,,,,,..................##.....,**
............<..#..............**,
...............#.......)......,,,
......>.......................,,,
,.............K...............,,,
,,#....#........@......#......,,*
,,#.....................#.....,,,
..#.$...........#...##........,,,
.......<........#.....(.......,,,
y#...$..........##...<........,,,
,#....##.....(..........#.....,,,
......*#.....#..........##....,,,
.....!......##...#............,,,
...............###............,,*


You could see a kobold (inner flame).

Vanquished Creatures
  Harold (D:7)
  Duvessa (D:5)
  A sky beast (D:6)
  A necrophage (D:6)
  An ogre (D:2)
  A centaur (D:6)
  A bullfrog (D:6)
  Blork the orc (D:5)
  Dowan (D:5)
  3 scorpions
  6 killer bees (D:6)
  2 howler monkeys
  2 orc priests
  3 jellies
  A hound (D:4)
  7 orc wizards
  Jessica (D:3)
  A centaur skeleton (D:6)
  An iguana (D:7)
  3 worker ants
  A killer bee zombie (D:4)
  A hound skeleton (D:6)
  9 adders
  A shadow imp (D:5)
  2 ufetubi (D:6)
  3 worms
  3 dart slugs
  A leopard gecko (D:6)
  21 orcs
  4 ball pythons
  5 giant cockroaches
  7 goblins
  8 hobgoblins
  15 jackals
  8 kobolds
  4 quokkas
  3 bats
  8 frilled lizards
  A giant cockroach zombie (D:6)
  A quokka skeleton (D:4)
  6 rats
151 creatures vanquished.

Vanquished Creatures (others)
  An orc priest (D:4)
  A jackal skeleton (D:4)
2 creatures vanquished.

Grand Total: 153 creatures vanquished

Notes
Turn   | Place    | Note
-------+----------+-------------------------------------------
     0 | D:1      | stormannnn the Hill Orc Fighter began the quest for the
                  | Orb.
     0 | D:1      | Reached XP level 1. HP: 19/19 MP: 1/1
   427 | D:1      | Reached skill level 1 in Invocations
   445 | D:1      | Reached XP level 2. HP: 26/27 MP: 2/2
   906 | D:2      | Reached XP level 3. HP: 31/33 MP: 4/4
   966 | D:2      | Noticed an ogre
   980 | D:2      | Killed an ogre
   981 | D:2      | Reached skill level 3 in Invocations
   981 | D:2      | Reached XP level 4. HP: 36/40 MP: 4/6
  1094 | D:2      | Reached XP level 5. HP: 41/46 MP: 7/7
  1745 | D:2      | Found an iron altar of Okawaru.
  1973 | D:3      | Noticed Jessica
  1980 | D:3      | Killed Jessica
  2476 | D:3      | Reached skill level 4 in Invocations
  3213 | D:4      | Reached XP level 6. HP: 49/53 MP: 9/9
  3217 | D:4      | Became a worshipper of Beogh the Brigand
  3574 | D:4      | Reached skill level 5 in Invocations
  3716 | D:4      | Reached XP level 7. HP: 46/60 MP: 10/10
  3830 | D:4      | Found a transporter.
  3830 | D:4      | Found a transporter.
  3830 | D:4      | Noticed streetpizza's ghost (amateur OpTm)
  3982 | D:4      | Identified the cursed +1 great mace of Ocwisenysu {pain,
                  | rElec rF+ Str+4 Stlth-}
  4341 | D:5      | Entered Level 5 of the Dungeon
  4665 | D:5      | Reached skill level 5 in Fighting
  4745 | D:5      | Found Ulehat's Weapon Boutique.
  4772 | D:5      | Reached * piety under Beogh
  4778 | D:5      | Gained mutation: You have large cloven feet. [potion of
                  | mutation]
  4778 | D:5      | Gained mutation: You are robust. (+10% HP) [potion of
                  | mutation]
  4778 | D:5      | Gained mutation: You are agile. (Dex +2) [potion of
                  | mutation]
  5047 | D:5      | Noticed Duvessa
  5058 | D:5      | Killed Duvessa
  5059 | D:5      | Reached skill level 5 in Axes
  5059 | D:5      | Reached skill level 5 in Shields
  5059 | D:5      | Reached skill level 6 in Invocations
  5203 | D:5      | You fall into a shaft and drop 1 floor!
  5203 | D:6      | Found a staircase to the Ecumenical Temple.
  5271 | D:6      | Reached skill level 5 in Armour
  5271 | D:6      | Reached XP level 8. HP: 65/74 MP: 12/12
  5541 | D:5      | Noticed Dowan
  5546 | D:5      | Killed Dowan
  5654 | D:5      | Noticed Blork the orc
  5664 | D:5      | Killed Blork the orc
  6201 | D:6      | Reached skill level 7 in Invocations
  6885 | Temple   | Entered the Ecumenical Temple
  6991 | D:7      | Noticed Harold
  7144 | D:7      | Got a twisted mace
  7437 | D:6      | Reached ** piety under Beogh
  7465 | D:6      | Reached skill level 8 in Invocations
  7485 | D:6      | Reached XP level 9. HP: 28/84 MP: 15/15
  8634 | D:7      | Killed Harold
  8635 | D:7      | Reached skill level 9 in Invocations
  8639 | D:7      | Identified the cursed +1 mace "Geum" {venom, *Slow rC+
                  | Stlth+} (You found it on level 7 of the Dungeon)
  8639 | D:7      | HP: 3/86 [poisoned by Harold]
  8640 | D:7      | HP: 1/86 [poisoned by Harold]
  8641 | D:7      | Succumbed to Harold's poison

Illustrated notes

Levels and vault maps discovered:
D:1:      dpeg_arrival_snail, layout_loops_ring
D:2:      minmay_chambers_of_twos, layout_basic, serial_forest,
          infiniplex_forest_corner_1, infiniplex_forest_corner_1,
          infiniplex_forest_clump_double, infiniplex_forest_straight_5,
          infiniplex_forest_lined_2, infiniplex_forest_lined_1,
          okawaru_ov_weapons_minmay
D:3:      layout_basic, kennysheep_boxes, uniq_jessica
D:4:      layout_loops_ring, gammafunk_ghost_smash
D:5:      layout_basic, serial_shops, shop, uniq_duvessa, uniq_blork_the_orc
D:6:      cheibrodos_quashed, layout_loops_corners, minmay_temple_entry_waves
D:7:      layout_cave_pools, cheibrodos_worm_habitat, uniq_harold, uniq_pikel
Temple:   dpeg_three_leaves_temple

Skill      XL: |  1  2  3  4  5  6  7  8  9 |
---------------+----------------------------+-----
Invocations    | 1 3 4 5 6 8 9 |  9.5
Axes           | 3 4 5 6 7 |  7.4
Fighting       | 4 5 6 7 |  7.0
Shields        | 4 5 6 |  6.5
Armour         | 4 5 6 |  6.5

Action                   |  1- 3 |  4- 6 |  7- 9 || total
-------------------------+-------+-------+-------++-------
Melee: War axe           |    68 |   254 |   326 ||   648
Invok: Convert to Beogh  |       |     1 |       ||     1
       Smiting           |       |       |     2 ||     2
  Use: Potion            |       |       |    12 ||    12
       Scroll            |       |       |     5 ||     5
 Stab: Invisible         |       |       |     1 ||     1
Armor: Scale mail        |    37 |   139 |   159 ||   335
Dodge: Dodged            |    20 |    74 |   140 ||   234
Block: Kite shield       |    41 |   145 |   213 ||   399

Table legend: (Time is in decaauts)
 A = Elapsed time spent in this place.
 B = Non-inter-level travel time spent in this place.
 C = Inter-level travel time spent in this place.
 D = Time resting spent in this place.
 E = Time spent auto-exploring this place.
 F = Levels seen in this place.
 G = Mean time per level.
                   A        B        C        D        E       F      G
               +--------+--------+--------+--------+--------+-----+--------+
         Total |   8905 |   8496 |    409 |   2507 |   4503 |   8 | 1113.1 |
       Dungeon |   8822 |   8427 |    395 |   2507 |   4438 |   7 | 1260.3 |
        Temple |     83 |     69 |     14 |      0 |     65 |   1 |   83.0 |
               +--------+--------+--------+--------+--------+-----+--------+

Top non-repeatable levels by time:
     D:6: 2484 daAuts
     D:5: 1603 daAuts
     D:3: 1330 daAuts
     D:4: 1330 daAuts
     D:2: 1087 daAuts
     D:1: 799 daAuts
     D:7: 186 daAuts
  Temple: 83 daAuts
